 Dungeon Crawl Stone Soup version 0.26-a0-1139-g7d2dc893a1 (webtiles) character file.

Game seed: 15485219284217816394

4514 tatocazan the Cleaver (level 10, -14/114 HPs)
             Began as a Demonspawn Berserker on Dec 20, 2020.
             Was a Priest of Trog.
             Demolished by an orc knight
             ... wielding a +0 halberd
              (34 damage)
             ... in a bailey on Dec 21, 2020.
             The game lasted 00:13:10 (10350 turns).

tatocazan the Cleaver (Demonspawn Berserker)       Turns: 10350, Time: 00:13:10

Health: -14/114    AC: 13    Str: 20    XL:     10   Next: 16%
Magic:  10/10      EV: 10    Int:  8    God:    Trog [***...]
Gold:   565        SH:  0    Dex: 14    Spells: 9/9 levels left

rFire    + . .     SeeInvis +   k - +0 battleaxe
rCold    . . .     Faith    .   (shield currently unavailable)
rNeg     . . .     Spirit   .   A - +0 plate armour
rPois    .         Reflect  .   (no helmet)
rElec    .         Harm     .   (no cloak)
rCorr    .         Rampage  .   w - +0 pair of gloves
Will     +....                  (no boots)
Stlth    ..........             (no amulet)
HPRegen  0.29/turn              f - ring of willpower
MPRegen  0.12/turn              y - ring of see invisible (curse)

@: mighty, berserking, very quick
A: talons 1, fire resistance 1, spiny 1, flame cloud immunity, sturdy frame 2
a: Renounce Religion, Berserk, Trog's Hand


You were in a bailey.
You worshipped Trog.
Trog was most pleased with you.
You visited 1 branch of the dungeon, and saw 7 of its levels.
You also visited: Sewer and Bailey.

You collected 565 gold pieces.

Inventory:

Hand Weapons
 a - a +0 hand axe
 k - a +0 battleaxe (weapon)
Missiles
 x - 4 javelins
 C - 3 atropa-tipped darts
Armour
 b - a +0 animal skin
 g - a +0 ring mail
 r - +1 acid dragon scales
 v - a +0 chain mail
 w - a +0 pair of gloves (worn)
 A - a +0 plate armour (worn)
Jewellery
 f - a ring of willpower (left hand)
 h - an uncursed ring of stealth
 j - an uncursed ring of resist corrosion
 y - a cursed ring of see invisible (right hand)
Scrolls
 c - 5 scrolls of identify
 q - 4 scrolls of remove curse
 u - a scroll of teleportation
Potions
 d - 2 potions of lignification
 e - 3 potions of attraction
 i - 4 potions of might
 l - 8 potions of heal wounds
 m - a potion of brilliance {unknown}
 n - 2 potions of resistance {unknown}
 o - a potion of haste
 p - a potion of experience {unknown}
 s - 3 potions of flight
 t - 3 potions of curing {unknown}
 z - 2 potions of mutation {unknown}
 B - a potion of berserk rage {unknown}


   Skills:
 + Level 5.8 Fighting
 * Level 11.2 Axes
 + Level 5.2 Armour
 + Level 4.6 Dodging
 - Level 0.1 Stealth


You had 9 spell levels left.
You didn't know any spells.
Your spell library was empty.

Dungeon Overview and Level Annotations

Branches:
Dungeon (7/15)             Temple (0/1) D:5           Sewer (visited)
 Bailey (1/1)

Altars:
Ashenzari
Dithmenos
Hepliaklqana
Qazlal


Innate Abilities, Weirdness & Mutations

You have sharp toenails.
Your flesh is heat resistant. (rF+)
You are partially covered in sharp spines.
You are immune to clouds of flame.
Your movements are less encumbered by armour. (ER -4)


Message History

You slash the orc knight! Your kick misses the orc knight.
The orc knight is moderately wounded.
You slash the orc knight!
Your ogre hits the orc knight with a +0 giant spiked club!!
The orc knight completely misses you.
You slash the orc knight! Your kick misses the orc knight.
The orc knight is severely wounded.
You slash the orc knight!
Your ogre hits the orc knight but does no damage.
An orc knight comes into view. It is wielding a +0 trident.
The orc knight hits your ogre with a +0 glaive!!!
Your ogre dies!
Your ogre's corpse disappears in a puff of smoke!
The orc knight shouts!
You hear a shout!
You barely miss the orc knight. Your kick misses the orc knight.
The orc knight is severely wounded.
You hit the orc knight.
An orc knight comes into view. It is wielding a +0 halberd.
The orc knight hits you with a +0 halberd!!
You die...

##### ####### #####
.....###.....#########....
......'.....).#.....#...))
......'.....).'.....'...))
..o...'.....))).....'...).
...o..'§o@..).).....'....)
......'.o.....#)....#.....
.....###.....#########....
#### ####### #####


You could see 4 orc knights.

Vanquished Creatures
  The ghost of pigah the Dealer of Despair, a novice DsNe of Kikubaaqudgha (D:5)
  An ice beast (D:5)
  2 orc warriors
  2 phantoms (D:5)
  2 sky beasts (D:6)
  A black bear (D:5)
  An ogre (D:7)
  A centaur (D:5)
  3 bullfrogs (D:6)
  2 big kobolds (Sewer)
  Blork the orc (D:6)
  A scorpion (D:4)
  4 killer bees (D:6)
  3 wights (D:6)
  A howler monkey (D:5)
  A jelly (D:3)
  A hound (D:4)
  6 orc wizards
  5 orc priests
  A centaur skeleton (D:4)
  4 worker ants
  2 iguanas
  A killer bee zombie (D:5)
  A gnoll (D:1)
  9 adders
  6 river rats (Sewer)
  2 shadow imps (D:5)
  An ufetubus (D:6)
  3 oozes
  An adder zombie (D:5)
  2 worms
  2 dart slugs
  3 leopard geckos
  48 orcs
  6 giant cockroaches
  9 goblins
  7 hobgoblins
  4 jackals (D:7)
  16 kobolds
  A quokka (D:6)
  8 ball pythons
  5 bats
  4 frilled lizards
  27 rats
212 creatures vanquished.

Vanquished Creatures (collateral kills)
  4 orc knights (Bailey)
  Maggie (D:6)
  6 orc warriors (Bailey)
  A wight (D:6)
  11 orcs (Bailey)
23 creatures vanquished.

Vanquished Creatures (others)
  2 withered plants (D:5)
2 creatures vanquished.

Grand Total: 237 creatures vanquished

Notes
Turn   | Place    | Note
-------+----------+-------------------------------------------
     0 | D:1      | tatocazan the Demonspawn Berserker began the quest for the
                  | Orb.
     0 | D:1      | Reached XP level 1. HP: 18/18 MP: 1/1
    43 | D:1      | Upgraded the game from 0.26-a0-1132-ge9770dfcb6 to
                  | 0.26-a0-1139-g7d2dc893a1
   326 | D:1      | Reached skill level 3 in Axes
   326 | D:1      | Gained mutation: Your movements are slightly less
                  | encumbered by armour. (ER -2) [demonic ancestry]
   326 | D:1      | Reached XP level 2. HP: 21/24 MP: 2/2
  1133 | D:2      | Gained mutation: You are partially covered in sharp spines.
                  | [demonic ancestry]
  1133 | D:2      | Reached XP level 3. HP: 25/29 MP: 3/3
  1388 | D:2      | Found a hazy altar of Hepliaklqana.
  2197 | D:3      | Found a broken altar of Ashenzari.
  2208 | D:3      | Gained mutation: You have sharp toenails. [demonic
                  | ancestry]
  2208 | D:3      | Reached XP level 4. HP: 35/35 MP: 4/4
  2341 | D:3      | Reached ** piety under Trog
  2434 | D:3      | Found a shadowy altar of Dithmenos.
  2676 | D:3      | Reached skill level 4 in Axes
  2676 | D:3      | Gained mutation: Your flesh is heat resistant. (rF+)
                  | [demonic ancestry]
  2676 | D:3      | Reached XP level 5. HP: 36/41 MP: 5/5
  3106 | D:4      | Found a glowing drain.
  3109 | Sewer    | Entered a sewer
  3443 | Sewer    | Reached skill level 5 in Axes
  3449 | Sewer    | Reached *** piety under Trog
  3455 | Sewer    | Reached XP level 6. HP: 48/48 MP: 6/6
  4163 | D:4      | Reached **** piety under Trog
  4310 | D:4      | Reached skill level 6 in Axes
  4310 | D:4      | Gained mutation: Your movements are less encumbered by
                  | armour. (ER -4) [demonic ancestry]
  4310 | D:4      | Reached XP level 7. HP: 50/53 MP: 7/7
  4997 | D:5      | Entered Level 5 of the Dungeon
  5563 | D:5      | Reached skill level 7 in Axes
  5629 | D:5      | Found a staircase to the Ecumenical Temple.
  5660 | D:5      | Reached XP level 8. HP: 60/60 MP: 8/8
  6007 | D:5      | Reached skill level 8 in Axes
  6362 | D:5      | Found a runed translucent door.
  6363 | D:5      | Noticed pigah's ghost (novice DsNe)
  6642 | D:5      | Killed pigah's ghost
  6781 | D:6      | Reached skill level 9 in Axes
  6789 | D:6      | Reached ***** piety under Trog
  6799 | D:6      | Reached skill level 5 in Fighting
  6799 | D:6      | Gained mutation: You are immune to clouds of flame.
                  | [demonic ancestry]
  6799 | D:6      | Reached XP level 9. HP: 34/68 MP: 9/9
  7206 | D:6      | Noticed Maggie
  7216 | D:6      | Killed Maggie
  7996 | D:6      | Reached skill level 10 in Axes
  8291 | D:6      | Noticed Blork the orc
  8296 | D:6      | Killed Blork the orc
  8308 | D:6      | Reached skill level 5 in Armour
  8908 | D:7      | Found a stormy altar of Qazlal.
  8952 | D:7      | Found a flagged portal.
  8961 | Bailey   | Entered a bailey
  9880 | Bailey   | Noticed an orc knight
  9880 | Bailey   | Noticed an orc knight
  9880 | Bailey   | Noticed an orc knight
  9881 | Bailey   | Noticed an orc knight
  9890 | Bailey   | Killed an orc knight
  9893 | Bailey   | Killed an orc knight
  9894 | Bailey   | Reached skill level 11 in Axes
  9894 | Bailey   | Reached XP level 10. HP: 41/76 MP: 10/10
  9898 | Bailey   | Killed an orc knight
  9910 | Bailey   | Killed an orc knight
 10337 | Bailey   | Noticed an orc knight
 10337 | Bailey   | Noticed an orc knight
 10349 | Bailey   | Noticed an orc knight
 10350 | Bailey   | Noticed an orc knight
 10350 | Bailey   | Demolished by an orc knight

Illustrated notes

Levels and vault maps discovered:
D:1:      lightli_arrival_boilingwater, layout_rooms, minmay_misc_feat_chi,
          grunt_decor_mini_mirrors
D:2:      layout_loops_ring, lemuel_doored_altar
D:3:      layout_loops_ring, marbit_many_paths, ashenzari_conservatory_becter,
          minmay_misc_feat_ornament
D:4:      layout_basic, cheibrodos_sewer_entry_drain
D:5:      layout_basic, minmay_temple_entry_junction, gammafunk_ghost_grave
D:6:      layout_basic, abandoned_shop, uniq_blork_the_orc, uniq_maggie
D:7:      layout_basic, nicolae_qazlal_style_of_elements, zin_statuary,
          kennysheep_mini, enter_bailey_4, grunt_decor_resistance, uniq_menkaure
Bailey:   bailey_polearm_5, bailey

Skill      XL: |  1  2  3  4  5  6  7  8  9 |
---------------+----------------------------+-----
Axes           | 3 4 5 6 7 9 11 | 11.2
Dodging        | 2 3 4 |  4.6
Armour         | 2 3 4 5 |  5.2
Fighting       | 4 5 |  5.8
Stealth        | |  0.1

Action                   |  1- 3 |  4- 6 |  7- 9 | 10-12 || total
-------------------------+-------+-------+-------+-------++-------
Melee: Hand axe          |    90 |     5 |       |       ||    95
       Battleaxe         |       |   123 |   204 |     7 ||   334
       Kick              |       |    26 |    62 |     1 ||    89
Invok: Berserk           |     2 |     1 |     6 |     1 ||    10
       Brothers in Arms  |       |       |     6 |     2 ||     8
  Use: Scroll            |       |     5 |     7 |     1 ||    13
       Potion            |       |       |     5 |     2 ||     7
 Stab: Sleeping          |       |     1 |       |       ||     1
Armor: Animal skin       |     7 |       |       |       ||     7
       Ring mail         |    17 |    48 |     1 |       ||    66
       Chain mail        |       |       |    74 |       ||    74
       Acid dragon scale |       |       |    24 |       ||    24
       Plate armour      |       |       |     3 |     2 ||     5
Dodge: Dodged            |    80 |   102 |   176 |     3 ||   361

Table legend: (Time is in decaauts)
 A = Elapsed time spent in this place.
 B = Non-inter-level travel time spent in this place.
 C = Inter-level travel time spent in this place.
 D = Time resting spent in this place.
 E = Time spent auto-exploring this place.
 F = Levels seen in this place.
 G = Mean time per level.
                   A        B        C        D        E       F      G
               +--------+--------+--------+--------+--------+-----+--------+
         Total |  10559 |  10259 |    300 |   4228 |   4689 |   9 | 1173.2 |
       Dungeon |   8306 |   8006 |    300 |   2776 |   4215 |   7 | 1186.6 |
         Sewer |    869 |    869 |      0 |    246 |    442 |   1 |  869.0 |
        Bailey |   1382 |   1382 |      0 |   1205 |     32 |   1 | 1382.0 |
               +--------+--------+--------+--------+--------+-----+--------+

Top non-repeatable levels by time:
     D:5: 2623 daAuts
  Bailey: 1382 daAuts
     D:4: 1297 daAuts
     D:6: 1176 daAuts
     D:1: 1149 daAuts
     D:2: 1005 daAuts
     D:3: 994 daAuts
   Sewer: 869 daAuts
     D:7: 59 daAuts
